 Dungeon Sprint DCSS version 0.23-a0-164-g7711e57 (webtiles) character file.

324254 Kidiri the Conqueror (level 19, -16/227 HPs)
             Began as a Minotaur Fighter on Sept 9, 2018.
             Was the Champion of the Shining One.
             Killed from afar by an orb of fire (41 damage)
             ... with a fireball
             ... in the Dungeon (Sprint IX: "|||||||||||||||||||||||||||||").
             The game lasted 00:58:47 (11012 turns).

Kidiri the Conqueror (Minotaur Fighter)            Turns: 11012, Time: 00:58:48

Health: -16/227    AC: 37    Str: 27      XL:     19   Next: 34%
Magic:  29/30      EV: 26    Int:  2 (3)  God:    the Shining One [******]
Gold:   379        SH: 50    Dex: 23      Spells: 18/18 levels left

rFire    . . .     SeeInvis +   D - +6 eudemon blade (holy)
rCold    + + +     Gourm    .   Q - +10 large shield of Ignorance {rN+ Int-4}
rNeg     + + +     Faith    .   x - +3 gold dragon scales
rPois    +         Spirit   .   S - +0 hat of Oshrinny {+Blink Dex+4}
rElec    +         Reflect  +   B - +2 cloak
rCorr    .         Harm     .   T - +2 pair of gloves
MR       +....     Rnd*Rage +   P - +2 pair of boots {run} Stlth ..........NoTele +
                                w - amulet of Tohik {Reflect +Inv rC+ SH+3}
HPRegen  0.47/turn              l - ring of Due Proportion {Ice rElec rPois rN+ Str+3}
MPRegen  0.22/turn              F - ring of Zujuu {rElec rN+ Dex+6 SInv Stlth+}

@: divine shield, glowing, quick
A: retaliatory headbutt, horns 2, see invisible, berserk 1, clever 1, deformed
body, deterioration 1, low mp 1, robust 1, shaggy fur 1, weak 1
}: 5/17 runes: decaying, serpentine, barnacled, silver, gossamer
a: Divine Shield, Cleansing Flame, Summon Divine Warrior, Renounce Religion,
Evoke Blink, Evoke Invisibility


You were in the Dungeon.
You worshipped the Shining One.
The Shining One was exalted by your worship.
You were not hungry.

You visited 1 branch You collected 1981 gold pieces.
You spent 1602 gold pieces at shops.

Inventory:

Hand Weapons
 D - a +6 eudemon blade of holy wrath (weapon)
Missiles
 r - 47 javelins of penetration (quivered)
 u - 36 silver javelins
 y - 14 javelins of returning
 J - 5 throwing nets
 L - 3 steel javelins
 O - 7 steel tomahawks
 X - 39 javelins
Armour
 x - +3 gold dragon scales (worn)
 B - a +2 cloak (worn)
 P - a +2 pair of boots of running (worn)
 Q - the +10 large shield of Ignorance (worn) {rN+ Int-4}
   (You found it in the Dungeon)

   It affects your intelligence (-4).
   It protects you from negative energy.
 S - the +0 hat of Oshrinny (worn) {+Blink Dex+4}
   (You found it in the Dungeon)

   It affects your dexterity (+4).
   It lets you blink.
 T - a +2 pair of gloves (worn)
 Y - a +3 large shield
Jewellery
 b - the ring of Dierac {-Tele rF+ rN+ Dex+3 SInv}
   (You found it in the Dungeon)

   [ring of dexterity]

   It affects your dexterity (+3).
   It protects you from fire.
   It protects you from negative energy.
   It lets you see invisible.
   It prevents most forms of teleportation.
 c - the amulet of Iveakut {Reflect *Corrode Int+4 SH+3 SInv}
   (You found it in the Dungeon)

   [amulet of reflection]

   It shields you and reflects attacks.
   It affects your intelligence (+4).
   It lets you see invisible.
   It may corrode you when you take damage.
   It affects your SH (+3).
 l - the ring of Due Proportion (left hand) {Ice rElec rPois rN+ Str+3}
   (You found it in the Dungeon)

   [ring of ice]

   It enhances your ice magic.
   It affects your strength (+3).
   It makes you vulnerable to fire.
   It protects you from cold.
   It insulates you from electricity.
   It protects you from poison.
   It protects you from negative energy.
 p - a +4 ring of protection
 s - the amulet of Accord {rC+ Regen+ Str+4 SInv}
   (You found it in the Dungeon)

   [amulet of regeneration]

   It affects your strength (+4).
   It protects you from cold.
   It lets you see invisible.
   It increases your rate of regeneration.
 w - the amulet of Tohik (around neck) {Reflect +Inv rC+ SH+3}
   (You found it in the Dungeon)

   [amulet of reflection]

   It shields you and reflects attacks.
   It protects you from cold.
   It lets you turn invisible.
   It affects your SH (+3).
 z - a +6 ring of dexterity
 E - an uncursed amulet of regeneration
 F - the ring of Zujuu (right hand) {rElec rN+ Dex+6 SInv Stlth+}
   (You bought it in a shop in the Dungeon)

   [ring of dexterity]

   It affects your dexterity (+6).
   It insulates you from electricity.
   It protects you from negative energy.
   It lets you see invisible.
   It makes you more stealthy.
 G - a +2 ring of strength
 H - a +2 ring of slaying
 K - an uncursed ring of protection from fire
 M - an uncursed ring of protection from cold
Wands
 o - a wand of acid (10)
 A - a wand of enslavement (24)
 C - a wand of disintegration (13)
Scrolls
 a - a scroll of fog
 k - 5 scrolls of blinking
 m - 8 scrolls of remove curse
 n - 2 scrolls of amnesia
 v - 3 scrolls of identify
 I - 5 scrolls of fear
Potions
 d - 3 potions of might
 e - 13 potions of curing
 g - a potion of invisibility
 h - 7 potions of haste
 i - 4 potions of magic
 j - 8 potions of heal wounds
 q - 2 potions of agility
 t - 2 potions of brilliance
 N - 4 potions of berserk rage
 U - a potion of lignification
 W - a potion of resistance
Comestibles
 f - 10 rations
 R - 4 chunks of flesh


   Skills:
 O Level 27 Fighting
 O Level 27 Long Blades
 O Level 27 Throwing
 O Level 27 Armour
 O Level 27 Dodging
 O Level 27 Shields
 - Level 7.8 Invocations
 + Level 23.7 Evocations


You had 18 spell levels left.
You didn't know any spells.
Your spell library contained the following spells:

 Spells                   Type           Power        Failure   Level  Hunger
 Poison Arrow             Conj/Pois      #.........   100%        6    #######
 Chain Lightning          Conj/Air       #.........   100%        8    #######
 Lehudib's Crystal Spear  Conj/Erth      #.........   100%        8    #######
 Fire Storm               Conj/Fire      #.........   100%        9    #######
 Glaciate                 Conj/Ice       #.........   100%        9    #######


Dungeon Overview and Level Annotations

Branches:
Dungeon (1/1)

Altars:
Cheibriados
Dithmenos
Elyvilon
Fedhas
Gozag
Hepliaklqana
Kikubaaqudgha
Makhleb
Nemelex Xobeh
Okawaru
Qazlal
Ru
Sif Muna
Trog
Uskayaw
Vehumet
Wu Jian
Xom
Yredelemnul
Zin
The Shining One
Beogh
Jiyva
Lugonu

Shops:
D =[*:


Innate Abilities, Weirdness & Mutations

You reflexively headbutt those who attack you in melee.
You have a pair of horns on your head.
You have supernaturally acute eyesight. (SInv)
You tend to lose your temper in combat.
Your mind is acute. (Int +2)
Armour fits poorly on your strangely shaped body.
Your body sometimes deteriorates upon taking damage.
Your magical capacity is low. (-10% MP)
You are robust. (+10% HP)
You are covered in fur. (AC +1)
You are weak. (Str -2)


Message History

The fireball explodes!
The fireball engulfs you!
* * * LOW HITPOINT WARNING * * *
The fireball engulfs the orb of fire.
The orb of fire completely resists.
You feel much better.
You completely miss the orb of fire.
You headbutt the orb of fire, but do no damage.
The orb of fire is severely damaged.
You fail to use your ability.
You feel yourself speed up.
The orb of fire emits a lurid red light.
The bolt of fire hits you!
* * * LOW HITPOINT WARNING * * *
Your body deteriorates!
You feel dopey.
Unknown command.
Okay, then.
Unknown command.
You blink.
You feel slightly more hungry.
The orb of fire glows deep purple.
The fireball explodes!
The fireball engulfs you!
You die...

*,*,*,*,*,*,▓÷▓.▓)▓.▓)▓.▓.▓.▓(
*,*,*,*,*,*,▓.▓.▓)▓.▓)▓.▓.▓.▓)
*,*,*,*,*,*,▓.▓.▓.▓.▓)▓.▓.▓.▓)
*,*,*,*,*,*,▓.▓.▓.▓.▓)▓.▓.▓.▓.
*,*,*,*,*,*,▓.▓.▓.▓)▓)▓.▓.▓.▓)
*,*,*,*,*,*,▓.▓.▓)▓.▓)▓.▓.▓.▓)
*,*,*,*,*+*,▓.▓.▓)▓.▓.▓.▓.▓.▓)
*,*,*,*,*,*,▓.▓.▓.▓.▓.▓.▓)▓.▓.
*,*,*+*,*,*,▓@▓.▓.▓.▓.▓.▓)▓.▓.
*,*,*,*,*,*,▓.▓.▓.▓.▓.▓.▓)▓.▓.
*,*,*,*,*,*,▓§▓.▓.▓.▓[▓.▓.▓.▓.
*,*,*,*,*,*,▓*▓.▓.▓.▓[▓.▓.▓.▓.
*,*,*,*,*,*,▓+▓.▓.▓.▓[▓.▓.▓.▓.
*,*,*,*,*,*,*,▓.▓)▓.▓[▓.▓.▓.▓[
*,*,*,*,*,*,*+▓.▓)▓.▓[▓.▓)▓.▓'
*,*,*,*,*,*,*,▓.▓[▓.▓[▓.▓'▓.▓.
*,*,*,*,*,*,*,▓.▓[▓.▓.▓.▓)▓.▓.


You could see an orb of fire.

Vanquished Creatures
  Mennas (D)
  An ancient lich (D)
  Boris (D)
  Frederick (D)
  Saint Roka (D)
  5 golden dragons (D)
  Nikola (D)
  Jory (D)
  2 bone dragons (D)
  5 tentacled monstrosities (D)
  Rupert (D)
  14 Orb Guardians (D)
  2 deep elf blademasters (D)
  A lich (D)
  A titan (D)
  A quicksilver dragon (D)
  Frances (D)
  2 death cobs (D)
  A thorn hunter (D)
  6 storm dragons (D)
  Agnes (D)
  Kirke (D)
  7 shadow dragons (D)
  Donald (D)
  Ilsuiw (D)
  6 nagarajas (D)
  3 fire giants (D)
  Louise (D)
  A draconian knight (D)
  6 frost giants (D)
  A draconian scorcher (D)
  3 vault wardens (D)
  A ghost moth (D)
  Aizul (D)
  6 emperor scorpions (D)
  4 very ugly things (D)
  A spriggan defender (D)
  2 war gargoyles (D)
  An ironheart preserver (D)
  A draconian stormcaller (D)
  A draconian annihilator (D)
  2 vampire knights (D)
  4 stone giants (D)
  A black draconian (D)
  6 green draconians (D)
  A purple draconian (D)
  3 entropy weavers (D)
  A dire elephant (D)
  6 red draconians (D)
  Snorg (D)
  5 white draconians (D)
  4 spark wasps (D)
  A yellow draconian (D)
  8 merfolk javelineers (D)
  4 fire dragons (D)
  5 ettins (D)
  3 merfolk impalers (D)
  A great orb of eyes (D)
  25 vault guards (D)
  Erolcha (D)
  3 yaktaur captains (D)
  Harold (D)
  10 hydras (D)
  6 centaur warriors (D)
  4 ice dragons (D)
  A shambling mangrove (D)
  2 merfolk avatars (D)
  An anaconda (D)
  2 merfolk aquamancers (D)
  4 naga warriors (D)
  5 ogre magi (D)
  An alligator (D)
  A naga sharpshooter (D)
  An orc high priest (D)
  A deep troll shaman (D)
  A two-headed ogre (D)
  2 iron trolls (D)
  A sea snake (D)
  4 deep trolls (D)
  5 swamp dragons (D)
  A flayed ghost (D)
  2 ironbrand convokers (D)
  3 deep elf archers (D)
  A necromancer (D)
  A mana viper (D)
  4 orc knights (D)
  3 harpies (D)
  3 ugly things (D)
  2 wolf spiders (D)
  2 orc sorcerers (D)
  6 moths of wrath (D)
  A black mamba (D)
  Maurice (D)
  3 guardian serpents (D)
  7 elephants (D)
  3 naga magi (D)
  A torpor snail (D)
  4 spiny frogs (D)
  3 vault sentinels (D)
  A komodo dragon (D)
  A demonic crawler (D)
  4 yaktaurs (D)
  2 rime drakes (D)
  A freezing wraith (D)
  5 jumping spiders (D)
  7 trolls (D)
  5 hornets (D)
  2 slime creatures (D)
  A blink frog (D)
  A dream sheep (D)
  9 merfolk (D)
  A tyrant leech (D)
  2 snapping turtles (D)
  2 hippogriffs (D)
  A bog body (D)
  A spriggan (D)
  A tarantella (D)
  Grum (D)
  3 basilisks (D)
  2 redbacks (D)
  2 hogs (D)
  3 vampire mosquitoes (D)
  2 nagas (D)
  2 water moccasins (D)
  A porcupine (D)
  A black bear (D)
  A swamp drake (D)
  A phantom (D)
  9 orc warriors (D)
  2 wolves (D)
  An ogre (D)
  A centaur (D)
  A crocodile (D)
  A big kobold (D)
  A wight (D)
  A jelly (D)
  3 orc wizards (D)
  5 orc priests (D)
  A worker ant (D)
  An adder (D)
  An adder skeleton (D)
  2 dart slugs (D)
  2 adder simulacra (D)
  13 orcs (D)
  A bat skeleton (D)
  A goblin (D)
  2 hobgoblins (D)
  A quokka (D)
404 creatures vanquished.

Vanquished Creatures (others)
  A human (D)
1 creature vanquished.

Grand Total: 405 creatures vanquished

Notes
Turn   | Place    | Note
-------+----------+-------------------------------------------
     0 | D        | Kidiri the Minotaur Fighter began the quest for the Orb.
     0 | D        | Reached XP level 1. HP: 19/19 MP: 0/0
     8 | D        | Reached skill level 1 in Dodging
    10 | D        | Reached skill level 1 in Throwing
    10 | D        | Reached XP level 2. HP: 28/28 MP: 1/1
    27 | D        | Noticed an ogre
    35 | D        | Killed an ogre
    35 | D        | Reached skill level 5 in Long Blades
    35 | D        | Reached skill level 5 in Armour
    35 | D        | Reached skill level 5 in Shields
    35 | D        | Reached XP level 3. HP: 34/38 MP: 2/2
    35 | D        | Reached XP level 4. HP: 40/45 MP: 3/3
    55 | D        | Found a roughly hewn altar of Beogh.
    55 | D        | Found a snail-covered altar of Cheibriados.
    55 | D        | Found a shadowy altar of Dithmenos.
    55 | D        | Found a white marble altar of Elyvilon.
    55 | D        | Found a blossoming altar of Fedhas.
    55 | D        | Found an opulent altar of Gozag.
    56 | D        | Found a hazy altar of Hepliaklqana.
    57 | D        | Found a viscous altar of Jiyva.
    58 | D        | Found an ancient bone altar of Kikubaaqudgha.
    59 | D        | Found a corrupted altar of Lugonu.
    60 | D        | Found a burning altar of Makhleb.
    61 | D        | Found a sparkling altar of Nemelex Xobeh.
    62 | D        | Found an iron altar of Okawaru.
    63 | D        | Found a stormy altar of Qazlal.
    64 | D        | Found a sacrificial altar of Ru.
    65 | D        | Found a deep blue altar of Sif Muna.
    66 | D        | Found a bloodstained altar of Trog.
    67 | D        | Found a hide-covered altar of Uskayaw.
    68 | D        | Found a radiant altar of Vehumet.
    69 | D        | Found an ornate altar of the Wu Jian Council.
    70 | D        | Became a worshipper of Warmaster Okawaru
    71 | D        | Found a shimmering altar of Xom.
    72 | D        | Found a basalt altar of Yredelemnul.
    73 | D        | Found a glowing silver altar of Zin.
    74 | D        | Found a glowing golden altar of the Shining One.
    91 | D        | Found the +8 mithril axe "Arga" {speed, MR+}
   167 | D        | Noticed a centaur
   167 | D        | Noticed a black bear
   167 | D        | Noticed a big kobold
   167 | D        | Noticed a water moccasin
   167 | D        | Noticed a troll
   172 | D        | Killed a centaur
   172 | D        | Reached XP level 5. HP: 32/52 MP: 4/4
   178 | D        | Killed a black bear
   178 | D        | Reached * piety under Okawaru
   178 | D        | Reached XP level 6. HP: 37/62 MP: 5/5
   186 | D        | Reached skill level 5 in Dodging
   191 | D        | Killed a water moccasin
   191 | D        | Reached skill level 5 in Throwing
   195 | D        | Killed a troll
   195 | D        | Reached ** piety under Okawaru
   195 | D        | Reached skill level 10 in Fighting
   195 | D        | Reached skill level 10 in Long Blades
   195 | D        | Reached XP level 7. HP: 46/72 MP: 6/6
   270 | D        | Noticed a two-headed ogre
   270 | D        | Noticed a centaur warrior
   270 | D        | Noticed a vampire mosquito
   273 | D        | Killed a two-headed ogre
   273 | D        | Reached *** piety under Okawaru
   273 | D        | Reached XP level 8. HP: 81/82 MP: 4/7
   278 | D        | Killed a centaur warrior
   278 | D        | Received a gift from Okawaru
   282 | D        | Reached XP level 9. HP: 76/91 MP: 4/8
   453 | D        | Noticed a spiny frog
   453 | D        | Noticed a spiny frog
   453 | D        | Noticed a komodo dragon
   457 | D        | Noticed a rime drake
   462 | D        | Killed a spiny frog
   462 | D        | Reached **** piety under Okawaru
   473 | D        | Killed a spiny frog
   473 | D        | Received a gift from Okawaru
   473 | D        | Reached skill level 10 in Armour
   473 | D        | Reached skill level 10 in Shields
   480 | D        | Killed a komodo dragon
   485 | D        | Killed a rime drake
   520 | D        | Noticed a five-headed hydra
   520 | D        | Noticed a rime drake
   520 | D        | Noticed a spiny frog
   523 | D        | Noticed a spiny frog
   524 | D        | Killed a two-headed hydra
   524 | D        | Reached ***** piety under Okawaru
   524 | D        | Received a gift from Okawaru
   524 | D        | Reached XP level 10. HP: 104/104 MP: 6/9
   536 | D        | Killed a spiny frog
   604 | D        | Received a gift from Okawaru
   610 | D        | Killed a spiny frog
   610 | D        | Reached skill level 15 in Fighting
   632 | D        | Reached skill level 15 in Long Blades
   758 | D        | Noticed an elephant
   758 | D        | Noticed an elephant
   758 | D        | Noticed an elephant
   758 | D        | Noticed an elephant
   758 | D        | Noticed an elephant
   758 | D        | Noticed a dire elephant
   769 | D        | Killed an elephant
   769 | D        | Reached skill level 10 in Dodging
   775 | D        | Killed an elephant
   791 | D        | Killed a dire elephant
   791 | D        | Reached XP level 11. HP: 51/114 MP: 3/10
   796 | D        | Received a gift from Okawaru
   818 | D        | Reached skill level 10 in Throwing
   834 | D        | Received a gift from Okawaru
  1145 | D        | Noticed Erolcha
  1156 | D        | Killed Erolcha
  1445 | D        | Noticed an orc high priest
  1445 | D        | Noticed an orc sorcerer
  1454 | D        | Noticed an orc knight
  1461 | D        | Killed an orc high priest
  1465 | D        | Killed an orc sorcerer
  1484 | D        | Killed an orc knight
  1567 | D        | Found Ketostyq's Jewellery Emporium.
  1567 | D        | Noticed a deep troll
  1567 | D        | Noticed an iron troll
  1567 | D        | Noticed an ogre mage
  1567 | D        | Noticed a deep troll
  1569 | D        | Killed an ogre mage
  1569 | D        | Received a gift from Okawaru
  1569 | D        | Reached skill level 1 in Invocations
  1570 | D        | Noticed an ogre mage
  1575 | D        | Killed a deep troll
  1576 | D        | Noticed an iron troll
  1579 | D        | Found Jiecsueg's Armour Shoppe.
  1590 | D        | Killed an iron troll
  1914 | D        | Killed a deep troll
  1937 | D        | Paralysed by an ogre mage for 2 turns
  1949 | D        | Killed an ogre mage
  1949 | D        | Reached XP level 12. HP: 91/127 MP: 4/13
  1975 | D        | Received a gift from Okawaru
  2142 | D        | Found Gapokuv's General Store.
  2146 | D        | Found Vokhil's Book Shoppe.
  2161 | D        | Received a gift from Okawaru
  2202 | D        | Bought a +2 demon blade of draining for 390 gold pieces
  2210 | D        | Bought an uncursed amulet of regeneration for 300 gold
                  | pieces
  2210 | D        | Bought the ring of Zujuu {rElec rN+ Dex+6 SInv Stlth+} for
                  | 837 gold pieces
  2210 | D        | Bought a +2 ring of strength for 75 gold pieces
  2400 | D        | Noticed Maurice
  2409 | D        | Killed Maurice
  2464 | D        | Noticed Harold
  2470 | D        | Noticed Grum
  2474 | D        | Killed Harold
  2479 | D        | Killed Grum
  2695 | D        | Noticed a centaur warrior
  2703 | D        | Noticed a centaur warrior
  2714 | D        | Noticed a frost giant
  2714 | D        | Noticed an ettin
  2719 | D        | Killed a centaur warrior
  2720 | D        | Noticed an ogre mage
  2725 | D        | Reached skill level 5 in Invocations
  2728 | D        | Noticed an ice dragon
  2733 | D        | Killed a frost giant
  2733 | D        | Received a gift from Okawaru
  2737 | D        | Killed a centaur warrior
  2741 | D        | Killed an ogre mage
  2745 | D        | Noticed a spark wasp
  2753 | D        | Killed an ettin
  2758 | D        | Killed an ice dragon
  2769 | D        | Killed a spark wasp
  2906 | D        | Noticed Kirke
  2976 | D        | Killed Kirke
  2976 | D        | Reached XP level 13. HP: 138/138 MP: 13/16
  2991 | D        | Noticed Donald
  3014 | D        | Killed Donald
  3014 | D        | Received a gift from Okawaru
  3084 | D        | Noticed Aizul
  3093 | D        | Killed Aizul
  3138 | D        | Noticed a thorn hunter
  3150 | D        | Killed a thorn hunter
  3157 | D        | Reached skill level 15 in Armour
  3159 | D        | Reached skill level 15 in Shields
  3171 | D        | Received a gift from Okawaru
  3469 | D        | Received a gift from Okawaru
  3562 | D        | Noticed an entropy weaver
  3562 | D        | Noticed an entropy weaver
  3571 | D        | Killed an entropy weaver
  3578 | D        | Killed an entropy weaver
  3723 | D        | Reached XP level 14. HP: 124/151 MP: 12/18
  3779 | D        | Noticed Agnes
  3789 | D        | Killed Agnes
  3814 | D        | Noticed Snorg
  3826 | D        | Killed Snorg
  3949 | D        | Noticed Saint Roka
  3976 | D        | Killed Saint Roka
  3976 | D        | Received a gift from Okawaru
  3976 | D        | Reached skill level 15 in Dodging
  4102 | D        | Noticed a cyan very ugly thing
  4102 | D        | Noticed a brown very ugly thing
  4102 | D        | Noticed a vampire knight
  4106 | D        | Noticed a cyan very ugly thing
  4115 | D        | Noticed a frost giant
  4118 | D        | Killed a cyan very ugly thing
  4128 | D        | Killed a brown very ugly thing
  4128 | D        | Noticed a stone giant
  4134 | D        | Paralysed by a vampire knight for 2 turns
  4142 | D        | Killed a vampire knight
  4142 | D        | Received a gift from Okawaru
  4151 | D        | Killed a brown very ugly thing
  4164 | D        | Killed a frost giant
  4164 | D        | Received a gift from Okawaru
  4179 | D        | Killed a stone giant
  4343 | D        | Noticed a stone giant
  4351 | D        | Killed a stone giant
  4365 | D        | Received a gift from Okawaru
  4407 | D        | Noticed a vault warden
  4408 | D        | Noticed a vault warden
  4428 | D        | Killed a vault warden
  4428 | D        | Reached skill level 15 in Throwing
  4430 | D        | Killed a vault warden
  4469 | D        | Reached XP level 15. HP: 164/166 MP: 17/19
  4494 | D        | Noticed a frost giant
  4508 | D        | Noticed a frost giant
  4510 | D        | Killed a frost giant
  4514 | D        | Killed a frost giant
  4514 | D        | Received a gift from Okawaru
  4629 | D        | Noticed Frederick
  4645 | D        | Killed Frederick
  4645 | D        | Received a gift from Okawaru
  4670 | D        | Noticed Nikola
  4685 | D        | Killed Nikola
  4811 | D        | Noticed Louise
  4836 | D        | Killed Louise
  4836 | D        | Received a gift from Okawaru
  5035 | D        | Identified a +0 pair of boots of running (You found it in
                  | the Dungeon)
  5037 | D        | Got the +0 hat of Oshrinny {+Blink Dex+4}
  5106 | D        | Noticed Jory
  5143 | D        | Killed Jory
  5286 | D        | Noticed Boris
  5301 | D        | Killed Boris
  5668 | D        | Received a gift from Okawaru
  5669 | D        | Found the +8 demon blade "Bloodbane" {slice, *Rage +Rage
                  | Stlth-}
  5699 | D        | Got a decaying rune of Zot
  5755 | D        | Noticed Ilsuiw
  5764 | D        | Killed Ilsuiw
  5764 | D        | Received a gift from Okawaru
  5764 | D        | Reached XP level 16. HP: 129/180 MP: 14/20
  5807 | D        | Got a barnacled rune of Zot
  5868 | D        | Received a gift from Okawaru
  5909 | D        | Reached skill level 27 in Fighting
  5915 | D        | Got a gossamer rune of Zot
  6042 | D        | Reached skill level 27 in Long Blades
  6072 | D        | Got a serpentine rune of Zot
  7216 | D        | Fell from the grace of Okawaru
  7216 | D        | Became a worshipper of the Shining One
  8260 | D        | Reached * piety under the Shining One
  8274 | D        | Reached ** piety under the Shining One
  8292 | D        | Reached *** piety under the Shining One
  8316 | D        | Reached **** piety under the Shining One
  8558 | D        | Reached ***** piety under the Shining One
  8558 | D        | Noticed a tentacled monstrosity
  8584 | D        | Killed a tentacled monstrosity
  8584 | D        | Reached XP level 17. HP: 181/191 MP: 21/21
  8588 | D        | Noticed a deep elf blademaster
  8597 | D        | Killed a deep elf blademaster
  8628 | D        | Reached ****** piety under the Shining One
  8903 | D        | Noticed a golden dragon
  8903 | D        | Noticed a lich
  8904 | D        | Noticed a golden dragon
  8906 | D        | Noticed a tentacled monstrosity
  8907 | D        | Paralysed by an ogre mage for 6 turns
  8914 | D        | Killed a lich
  8916 | D        | Killed a tentacled monstrosity
  8918 | D        | Killed a golden dragon
  8918 | D        | Killed a golden dragon
  8938 | D        | Got a silver rune of Zot
  8955 | D        | Identified a +4 eudemon blade of holy wrath (a +2 demon
                  | blade of draining blessed by the Shining One)
  8955 | D        | Received a gift from the Shining One
  9123 | D        | Noticed Rupert
  9124 | D        | Noticed Frances
  9140 | D        | Killed Rupert
  9148 | D        | Killed Frances
  9311 | D        | Got the ring of Dierac {-Tele rF+ rN+ Dex+3 SInv}
  9313 | D        | Got the amulet of Iveakut {Reflect *Corrode Int+4 SH+3
                  | SInv}
  9315 | D        | Got the ring of Due Proportion {Ice rElec rPois rN+ Str+3}
  9317 | D        | Got the amulet of Accord {rC+ Regen+ Str+4 SInv}
  9319 | D        | Got the amulet of Tohik {Reflect +Inv rC+ SH+3}
  9324 | D        | Noticed a titan
  9351 | D        | Killed a titan
  9371 | D        | Found the +10 large shield of Ignorance {rN+ Int-4}
  9404 | D        | Gained mutation: You are robust. (+10% HP) [potion of
                  | mutation]
  9404 | D        | Gained mutation: Your mind is acute. (Int +2) [potion of
                  | mutation]
  9404 | D        | Gained mutation: You are weak. (Str -2) [potion of
                  | mutation]
  9404 | D        | Gained mutation: You are covered in fur. (AC +1) [potion of
                  | mutation]
  9487 | D        | Noticed Mennas
  9546 | D        | Killed Mennas
  9753 | D        | Reached skill level 5 in Evocations
  9802 | D        | Noticed a bone dragon
  9802 | D        | Noticed a bone dragon
  9818 | D        | Killed a bone dragon
  9829 | D        | Killed a bone dragon
  9841 | D        | Reached XP level 18. HP: 220/220 MP: 22/22
 10148 | D        | Reached skill level 27 in Armour
 10153 | D        | Reached skill level 27 in Shields
 10153 | D        | Reached skill level 10 in Evocations
 10210 | D        | Noticed a golden dragon
 10245 | D        | Killed a golden dragon
 10358 | D        | Noticed a tentacled monstrosity
 10358 | D        | Noticed a golden dragon
 10364 | D        | Killed a tentacled monstrosity
 10380 | D        | Killed a golden dragon
 10521 | D        | Noticed a tentacled monstrosity
 10532 | D        | Reached skill level 27 in Dodging
 10542 | D        | Killed a tentacled monstrosity
 10546 | D        | Reached skill level 15 in Evocations
 10748 | D        | Noticed an Orb Guardian
 10748 | D        | Noticed an Orb Guardian
 10748 | D        | Noticed an Orb Guardian
 10748 | D        | Noticed an Orb Guardian
 10748 | D        | Noticed an Orb Guardian
 10748 | D        | Noticed an Orb Guardian
 10754 | D        | Killed an Orb Guardian
 10761 | D        | Killed an Orb Guardian
 10762 | D        | Noticed an Orb Guardian
 10767 | D        | Killed an Orb Guardian
 10774 | D        | Killed an Orb Guardian
 10776 | D        | Noticed an Orb Guardian
 10777 | D        | Killed an Orb Guardian
 10789 | D        | Killed an Orb Guardian
 10789 | D        | Reached skill level 27 in Throwing
 10793 | D        | Killed an Orb Guardian
 10800 | D        | Killed an Orb Guardian
 10800 | D        | Reached XP level 19. HP: 188/227 MP: 31/31
 10893 | D        | Noticed a golden dragon
 10899 | D        | Killed a golden dragon
 10990 | D        | Noticed an ancient lich
 10995 | D        | Killed an ancient lich
 10997 | D        | Noticed an orb of fire
 10998 | D        | Gained mutation: Your body sometimes deteriorates upon
                  | taking damage. [an orb of fire]
 11001 | D        | Gained mutation: You have supernaturally acute eyesight.
                  | (SInv) [an orb of fire]
 11002 | D        | Gained mutation: Your magical capacity is low. (-10% MP)
                  | [an orb of fire]
 11004 | D        | Gained mutation: You tend to lose your temper in combat.
                  | [an orb of fire]
 11007 | D        | Gained mutation: Armour fits poorly on your strangely
                  | shaped body. [an orb of fire]
 11008 | D        | The Shining One protects you from harm!
 11012 | D        | Killed from afar by an orb of fire

Vault maps used:
D:        linesprint

Skill      XL: |  1  2  3  4  5  6  7  8  9 10 11 12 13 14 15 16 17 18 19 |
---------------+----------------------------------------------------------+-----
Fighting       | 4 6 7 8 10 11 12 14 15 17 19 21 23 26 27 | 27.0
Long Blades    | 3 5 7 8 10 11 12 14 15 17 19 21 23 26 27 | 27.0
Dodging        | 1 3 4 6 7 9 10 11 13 14 16 18 21 24 27 | 27.0
Shields        | 4 5 6 7 8 9 10 11 13 14 16 17 19 23 26 27 | 27.0
Throwing       | 1 2 3 4 5 6 7 8 9 11 12 13 15 17 19 22 27 | 27.0
Armour         | 4 5 6 7 8 9 10 11 13 14 16 17 19 23 26 27 | 27.0
Invocations    | 3 6 7 |  7.8
Evocations     | 7 18 23 | 23.7

Action                   |  1- 3 |  4- 6 |  7- 9 | 10-12 | 13-15 | 16-18 | 19-21 || total
-------------------------+-------+-------+-------+-------+-------+-------+-------++-------
Melee: Long sword        |    17 |     8 |       |       |       |       |       ||    25
       Headbutt          |     3 |     6 |    13 |    86 |   133 |   310 |    31 ||   582
       Scimitar          |       |    27 |    58 |   288 |    61 |   223 |       ||   657
       Demon blade       |       |       |       |       |   339 |    28 |       ||   367
       Eudemon blade     |       |       |       |       |       |   505 |    85 ||   590
Throw: Javelin           |       |       |       |    18 |   160 |    66 |       ||   244
       Tomahawk          |       |       |       |       |    11 |       |       ||    11
Invok: Heroism           |       |       |     6 |    24 |    21 |     2 |       ||    53
       Finesse           |       |       |       |    13 |    19 |     2 |       ||    34
       Divine Shield     |       |       |       |       |       |    14 |     2 ||    16
       Brand Weapon With |       |       |       |       |       |     1 |       ||     1
 Abil: Evoke Blink       |       |       |       |       |       |       |     1 ||     1
  Use: Potion            |     2 |       |       |     2 |     1 |     1 |     1 ||     7
       Scroll            |       |       |     1 |       |     2 |    14 |       ||    17
  Eat: Chunk             |       |       |       |     7 |     6 |     6 |     1 ||    20
       Ration            |       |       |       |       |     1 |     3 |       ||     4
Armor: Scale mail        |     6 |     2 |       |       |       |       |       ||     8
       Chain mail        |       |     8 |    13 |    26 |    20 |       |       ||    67
       Plate armour      |       |       |       |     7 |    23 |    44 |       ||    74
       Gold dragon scale |       |       |       |       |       |    41 |     2 ||    43
Dodge: Dodged            |     2 |    12 |    16 |    61 |    84 |   136 |     4 ||   315
Block: Shield            |     3 |    18 |    25 |   129 |    69 |       |       ||   244
       Large shield      |       |       |       |       |   105 |   798 |    78 ||   981
       Reflection        |       |       |       |       |       |     3 |       ||     3
       Rpst.: Scimitar   |       |     1 |     3 |    12 |     1 |     3 |       ||    20
       Demon blade       |       |       |       |       |    12 |     4 |       ||    16
       Eudemon blade     |       |       |       |       |       |     6 |       ||     6

Table legend:
 A = Non-vault XP
 B = Vault XP
 C = Vault XP percentage of total XP
 D = Non-vault monster count
 E = Vault monster count
 F = Vault count percentage of total count
                 A         B        C        D         E       F
            +---------+---------+-------+---------+---------+-------
      Total |     508 |  410129 |  99.9 |       2 |     380 |  99.5
            +---------+---------+-------+---------+---------+-------
          D |     508 |  410129 |  99.9 |       2 |     380 |  99.5
            +---------+---------+-------+---------+---------+-------
